 Dungeon Crawl Stone Soup version 0.31.0-12-g77e489cdc1 (webtiles) character file.

Game seed: 7998090692343014119

2009 sking99 the Ruffian (level 9, 0/59 HPs)
             Began as an Octopode Shapeshifter on Feb 24, 2024.
             Was a Believer of Okawaru.
             Killed from afar by a steam dragon (22 damage)
             ... with a ball of steam
             ... on level 7 of the Dungeon.
             The game lasted 00:13:04 (6630 turns).

sking99 the Ruffian (Octopode Shapeshifter)         Turns: 6630, Time: 00:13:05

Health: 0/59       AC:  1    Str: 15    XL:     9   Next: 22%
Magic:  11/11      EV: 13    Int: 12    God:    Okawaru [**....]
Gold:   495        SH:  5    Dex: 14    Spells: 8/8 levels left

rFire   . .          .
                       - Unarmed
rCold   . . .        k - +0 buckler
rNeg    . . .        (helmet currently unavailable)
rPois   .            (no amulet)
rElec   .            (no ring)
rCorr   .            (no ring)
SInv    .            (no ring)
Will    .....        (no ring)
Stlth   ++           (no ring)
HPRegen 0.29/turn    (no ring)
MPRegen 0.12/turn    (no ring)
                     (no ring)

%: no passive effects
@: beast-form
A: beast (slay +2), almost no armour, amphibious, 8 rings, camouflage 1,
gelatinous body 1, (nimble swimmer 1), tentacles
a: Begin Untransformation, Renounce Religion, Heroism


You were on level 7 of the Dungeon.
You worshipped Okawaru.
Okawaru was pleased with you.
You were a hulking beast.
You visited 2 branches of the dungeon, and saw 8 of its levels.

You collected 495 gold pieces.

Inventory:

Armour
 k - a +0 buckler (worn)
Jewellery
 i - an amulet of faith
Talismans
 b - a beast talisman (active)
 c - a flux talisman
 f - a talisman of death
Wands
 j - a wand of roots (18)
 o - a wand of quicksilver (6)
Scrolls
 h - 3 scrolls of poison
 l - 2 scrolls of immolation
 n - a scroll of amnesia
 p - a scroll of teleportation {unknown}
 q - 3 scrolls of fear {unknown}
 r - 2 scrolls of fog
 t - a scroll of revelation {unknown}
Potions
 a - a potion of enlightenment {unknown}
 d - a potion of brilliance {unknown}
 e - 2 potions of attraction
 g - a potion of ambrosia
 m - 2 potions of curing
 s - 2 potions of haste {unknown}


   Skills:
 + Level 4.6 Fighting
 - Level 2.2 Dodging
 - Level 6.0 Shields
 * Level 7.3 Unarmed Combat
 + Level 3.2 Invocations
 + Level 5.2 Shapeshifting


You had 8 spell levels left.
You didn't know any spells.
Your spell library contained the following spells:

 Spells                   Type           Power      Damage    Failure   Level
 Magic Dart               Conj           0%         1d3       38%         1
 Shock                    Conj/Air       0%         1d3       38%         1
 Blink                    Tloc           0%         N/A       54%         2
 Swiftness                Air            0%         N/A       77%         3
 Airstrike                Air            0%         2d(0-16)  99%         4
 Passage of Golubria      Tloc           0%         N/A       99%         4
 Yara's Violent Unravell  Hex/Alch       0%         3d3       100%        5
 Call Imp                 Summ           Unusable   N/A       N/A         2
 Tukima's Dance           Hex            Unusable   N/A       N/A         3

Dungeon Overview and Level Annotations

Branches:
Dungeon (7/15)             Temple (1/1) D:5

Altars:
Ashenzari
Cheibriados
Elyvilon
Fedhas
Gozag
Hepliaklqana
Kikubaaqudgha
Makhleb
Nemelex Xobeh
Okawaru
Qazlal
Ru
Trog
Uskayaw
Wu Jian
Xom
Yredelemnul
Zin
The Shining One

Shops:
D:3 =[!

Annotations:
D:6 2 runed translucent doors, michi1438's ghost, novice DsAl
D:7 Dowan


Innate Abilities, Weirdness & Mutations

You are a hulking beast.
Your limbs bulge with bestial killing power. (Slay +2)
You cannot wear most types of armour.
You are amphibious.
You can wear up to eight rings at the same time.
Your skin changes colour to match your surroundings (Stealth+).
Your rubbery body absorbs attacks. (AC +1, EV +1)
((You are camouflaged when in or above water. (Stealth+)))
You have tentacles for arms and can constrict up to eight enemies at once.


Message History

HP restored.
You now have 495 gold pieces (gained 13).
q - 3 scrolls labelled BOZUT WIDEALURE (gained 1)
You pick up Great Wizards, Vol.
VII and begin reading...
You add the spells Passage of Golubria and Yara's Violent Unravelling to your library.
As you open the door, it creaks loudly!
You hear an angry hiss.
You hear a shout!
There is an open door here.
Duvessa, Sister of Dowan comes into view.
She is wielding a +2 short sword of flaming.
A steam dragon comes into view.
Duvessa says, "My weaknesses are his strengths!"
You bludgeon Duvessa! Your grab misses Duvessa. Your squeeze misses Duvessa.
Duvessa is moderately wounded.
Duvessa barely misses you.
You completely miss Duvessa. You grab Duvessa. You squeeze Duvessa.
Duvessa is heavily wounded.
You constrict Duvessa, but do no damage.
Duvessa hits you with a +2 short sword of flaming!
Duvessa burns you.
You bludgeon Duvessa! You squeeze Duvessa, but do no damage.
Duvessa is almost dead.
You constrict Duvessa, but do no damage.
Dowan, Brother of Duvessa comes into view.
He is wielding a +0 dagger.
Duvessa hits you with a +2 short sword of flaming.
Duvessa burns you.
You tentacle-slap Duvessa but do no damage.
Duvessa is almost dead.
You constrict Duvessa.
Duvessa hits you with a +2 short sword of flaming!
Duvessa burns you.
Unknown command.
You tentacle-slap Duvessa. You squeeze Duvessa.
You kill Duvessa!
Okawaru accepts your kill.
Dowan screams, "No!
No!"
Dowan seems to find hidden reserves of power!
There is an open door here.
The steam dragon breathes steam at you. The ball of steam hits you!!
You die...

######## #......#
#......# #......# #
####......# .#
..........# ..#
###.......#####...#..
.........h§§De.......
..##.......#####......
#. #.......#### .####
#.##).........# ..
#####.##<.........# ##
#.................#
#.###..[..........#
#.# #.............#
#.# #.........[...#


There were no monsters in sight!

Vanquished Creatures
  Grinder (D:4)
  A steam dragon (D:6)
  Menkaure (D:5)
  2 water moccasins (D:5)
  Duvessa (D:7)
  An ice beast (D:7)
  An ogre (D:4)
  A centaur (D:5)
  3 bullfrogs
  2 howler monkeys
  4 bombardier beetles
  An orc priest (D:5)
  4 hounds
  A jelly (D:6)
  A gnoll bouda (D:6)
  4 iguanas
  Terence (D:2)
  2 orc wizards
  5 gnolls
  6 adders
  2 dart slugs
  2 ribbon worms (D:3)
  17 orcs
  7 endoplasms
  A giant cockroach (D:1)
  6 goblins
  6 hobgoblins
  10 jackals
  5 kobolds
  7 quokkas
  9 ball pythons
  8 bats
  3 frilled lizards
  5 rats
131 creatures vanquished.

Notes
Turn   | Place    | Note
-------+----------+-------------------------------------------
     0 | D:1      | sking99 the Octopode Shapeshifter began the quest for the
                  | Orb.
     0 | D:1      | Reached XP level 1. HP: 13/13 MP: 1/1
    89 | D:1      | Found a faded altar of an unknown god.
   286 | D:1      | Reached XP level 2. HP: 18/18 MP: 2/2
   940 | D:1      | Reached XP level 3. HP: 9/23 MP: 3/3
  1537 | D:2      | Reached skill level 1 in Shields
  1910 | D:2      | Reached XP level 4. HP: 28/28 MP: 4/4
  2035 | D:2      | Noticed Terence
  2044 | D:2      | Killed Terence
  2084 | D:3      | Reached skill level 4 in Unarmed Combat
  2223 | D:3      | Found Ysufiexa's Distillery.
  2297 | D:3      | Reached XP level 5. HP: 34/34 MP: 5/5
  2557 | D:3      | Found Adwidein's Antique Armour Emporium.
  2561 | D:3      | Found Mooch's Jewellery Boutique.
  3037 | D:4      | Reached XP level 6. HP: 36/39 MP: 6/6
  3183 | D:4      | Reached skill level 5 in Unarmed Combat
  3294 | D:4      | Found a burning altar of Makhleb.
  3395 | D:4      | Reached XP level 7. HP: 18/45 MP: 7/7
  3525 | D:4      | Noticed Grinder
  3554 | D:4      | Killed Grinder
  3709 | D:5      | Entered Level 5 of the Dungeon
  3790 | D:5      | Found a staircase to the Ecumenical Temple.
  3792 | D:5      | Noticed Menkaure
  3799 | Temple   | Entered the Ecumenical Temple
  3823 | Temple   | Became a worshipper of Warmaster Okawaru
  3851 | D:5      | Killed Menkaure
  3972 | D:5      | Reached skill level 6 in Unarmed Combat
  3972 | D:5      | Reached skill level 1 in Invocations
  3972 | D:5      | Reached XP level 8. HP: 37/52 MP: 8/8
  4410 | D:5      | Reached * piety under Okawaru
  4411 | D:5      | Reached skill level 5 in Shields
  4881 | D:5      | Found a hazy altar of Hepliaklqana.
  4887 | D:5      | Found a white marble altar of Elyvilon.
  4892 | D:5      | Found a basalt altar of Yredelemnul.
  5675 | D:6      | Found an ancient bone altar of Kikubaaqudgha.
  5678 | D:6      | Found a blossoming altar of Fedhas.
  5882 | D:6      | You fall into a shaft and drop 1 floor!
  5893 | D:7      | Found a sacrificial altar of Ru.
  6116 | D:7      | Reached skill level 7 in Unarmed Combat
  6116 | D:7      | Reached XP level 9. HP: 47/59 MP: 7/11
  6125 | D:7      | Reached skill level 5 in Shapeshifting
  6270 | D:6      | Noticed michi1438's ghost (novice DsAl)
  6270 | D:6      | Found a large runed translucent door.
  6270 | D:6      | Found a large runed translucent door.
  6615 | D:7      | Noticed Duvessa
  6626 | D:7      | Noticed Dowan
  6628 | D:7      | Killed Duvessa
  6628 | D:7      | Reached ** piety under Okawaru
  6630 | D:7      | Killed from afar by a steam dragon

Illustrated notes

Levels and vault maps discovered:
D:1:      sevenhm_arrival_forest_fort_large_4, layout_loops_corners,
          dreamdust_ecumenical_altar_grove
D:2:      layout_loops_ring, dreamdust_wishing_well, minmay_goblin_outpost,
          uniq_terence
D:3:      layout_basic, serial_shops, shop, nicolae_shop_advertising_works
          [nicolae_subvault_shop_adworks], nicolae_shop_industrial_runoff,
          minmay_bisected
D:4:      minmay_spotlight, layout_rooms, bloody_makhleb,
          palyth_stone_intersect, uniq_grinder
D:5:      layout_loops_corners, minmay_overflow_temple_star_quad,
          minmay_temple_entry_offerings, uniq_menkaure
D:6:      layout_loops_cross, grunt_temple_overflow_growth_and_decay,
          ebering_ghost_disaster_area, minmay_misc_feat_x,
          chequers_serial_rivers_room_b
D:7:      layout_basic, nicolae_ru_path_of_blood, overflow_temple_1_default,
          mainiacjoe_overflow_brackets, uniq_duvessa
Temple:   minmay_temple_bridge_abc

Skill      XL: |  1  2  3  4  5  6  7  8  9 |
---------------+----------------------------+-----
Shields        | 1 2 3 4 5 6 |  6.0
Unarmed Combat | 4 5 6 7 |  7.3
Fighting       | 2 3 4 |  4.6
Shapeshifting  | 4 5 |  5.2
Invocations    | 1 2 3 |  3.2
Dodging        | |  2.2

Action                     |  1- 3 |  4- 6 |  7- 9 || total
---------------------------+-------+-------+-------++-------
  Melee: Unarmed           |    76 |    92 |   154 ||   322
         Constrict         |    21 |    25 |    31 ||    77
         Tentacles         |    10 |    20 |    42 ||    72
         Punch             |     1 |     6 |    10 ||    17
 Invoke: Heroism           |       |       |     1 ||     1
    Use: Scroll            |       |     7 |     1 ||     8
         Potion            |       |       |     1 ||     1
   Stab: Sleeping          |     9 |     6 |     3 ||    18
 Armour: Skin              |    33 |    35 |    66 ||   134
  Dodge: Dodged            |    26 |    38 |    85 ||   149
  Block: Buckler           |     4 |    19 |    37 ||    60
   Form: Beast             |     1 |       |       ||     1
